 Dungeon Crawl Stone Soup version 0.20-a0-923-g548304e (webtiles) character file.

15559 Wendigo the Transmogrifier (level 12, -6/94 HPs)
             Began as a Red Draconian Transmuter on Mar 26, 2017.
             Was a Priest of Wu Jian.
             Killed from afar by Erica (13 damage)
             ... with an orb of energy
             ... on level 1 of the Lair of Beasts.
             The game lasted 00:52:24 (14869 turns).

Wendigo the Transmogrifier (DrTm)                  Turns: 14869, Time: 00:52:25

Health: -6/94      AC: 17    Str: 14    XL:     12   Next: 2%
Magic:  15/20      EV: 12    Int: 13    God:    Wu Jian [***...]
Gold:   761        SH:  0    Dex: 16    Spells: 11/22 levels left

rFire    . . .     SeeInvis .   X - staff of wizardry
rCold    + . .     Gourm    .   (no shield)
rNeg     . . .     Faith    .   (armour unavailable)
rPois    .         Spirit   .   Q - +0 hat
rElec    .         Reflect  .   (no cloak)
rCorr    .         Harm     .   p - +2 pair of gloves
MR       .....                  (no boots)
Stlth    +.........             r - amulet of magic regeneration
Regen    0.3/turn               g - +6 ring of protection
MPRegen  0.3/turn               t - ring of ice

@: exhausted, slowed, studying Long Blades, very slow
A: breathe fire, unfitting armour, fire resistance 1, cold-blooded, AC +8
a: Breathe Fire, Renounce Religion


You were on level 1 of the Lair of Beasts.
You worshipped Wu Jian.
Wu Jian was most pleased with you.
You were hungry.

You visited 2 branches of the dungeon, and saw 12 of its levels.
You visited the Abyss 1 time.

You collected 761 gold pieces.

Inventory:

Missiles
 a - 152 arrows
 d - 278 stones (quivered)
Armour
 p - a +2 pair of gloves (worn)
 Q - a +0 hat (worn)
 Y - a cursed +0 pair of gloves
Magical Staves
 X - an uncursed staff of wizardry (weapon)
Jewellery
 g - a +6 ring of protection (left hand)
 i - an uncursed amulet of rage
 r - an amulet of magic regeneration (around neck)
 t - a ring of ice (right hand)
 N - a +1 ring of protection
Wands
 k - a wand of flame (26/48)
 u - a wand of lightning (7/15)
 w - a wand of acid (5/15)
 C - a wand of paralysis (22/24)
 F - a wand of iceblast (8/15)
 J - a wand of random effects (31/48)
 P - a wand of polymorph (9/24)
 U - a wand of confusion (26/48)
Scrolls
 e - a scroll of teleportation
 j - 5 scrolls of enchant armour
 o - 3 scrolls of random uselessness
 v - a scroll of immolation
 x - 2 scrolls of recharging
 y - a scroll of fog
 E - 3 scrolls of remove curse
 G - 2 scrolls of fear
 H - 2 scrolls of enchant weapon
 I - 2 scrolls of magic mapping
Potions
 f - 2 potions of degeneration {unknown}
 h - 6 potions of curing
 l - 2 potions of mutation {unknown}
 m - a potion of berserk rage {unknown}
 q - a potion of lignification {unknown}
 z - 3 potions of ambrosia {unknown}
 A - a potion of might {unknown}
 B - a potion of haste {unknown}
 M - a potion of brilliance {unknown}
 O - 2 potions of resistance {unknown}
 S - a potion of flight {unknown}
Books
 b - a book of Changes

   Spells                             Type                      Level
   a - Beastly Appendage              Transmutation                1
   b - Sticks to Snakes               Transmutation                2
   c - Spider Form                    Transmutation/Poison         3
   d - Ice Form                       Ice/Transmutation            4
   e - Blade Hands                    Transmutation                5
 R - a manual of Long Blades
Miscellaneous
 L - a lightning rod (4/4)
Comestibles
 c - 8 bread rations
 n - 2 meat rations
 s - 3 chunks of flesh
 D - 14 fruits
 K - 8 royal jellies


   Skills:
 + Level 5.6 Fighting
 - Level 1.7 Dodging
 * Level 12.3 Unarmed Combat
 * Level 5.5 Spellcasting
 - Level 13.1 Transmutations
 - Level 1.7 Poison Magic


You had 11 spell levels left.
You knew the following spells:

 Your Spells              Type           Power        Failure   Level  Hunger
a - Beastly Appendage     Tmut           #####.       1%          1    None
b - Sticks to Snakes      Tmut           #####...     1%          2    ##.....
c - Spider Form           Tmut/Pois      ###.......   1%          3    ###....
d - Blade Hands           Tmut           #####.....   1%          5    ######.


Dungeon Overview and Level Annotations

Branches:
Dungeon (11/15)            Temple (0/1) D:6            Lair (1/6) D:11
    Orc: D:9-12

Altars:
Cheibriados
Dithmenos
Gozag
Kikubaaqudgha
Makhleb
Qazlal
Trog
Uskayaw
Wu Jian
Xom
The Shining One

Annotations:
D:8 exclusion: 2 downstairs
D:10 exclusion: downstairs
D:11 Ratty's ghost, journeyman MiBe
Lair:1 Erica


Innate Abilities, Weirdness & Mutations

You can breathe blasts of fire.
Your fiery red scales are hard. (AC +8)
You cannot fit into any form of body armour.
Your flesh is heat resistant. (rF+)
You are cold-blooded and may be slowed by cold attacks.


Message History

You attack the orc warrior from above.
You slice the orc warrior!!
You kill the orc warrior!
The Council accepts your kill.
You hear some strange, mumbled words.
You feel yourself slow down.
You spin and attack the bullfrog.
You slice the bullfrog!!
You kill the bullfrog!
The Council accepts your kill.
Your hands revert to their normal proportions.
Your uncursed staff of wizardry unmelds from your body.
Your +2 pair of gloves unmelds from your body.
You hear some strange, mumbled words.
An orb of energy appears from out of thin air!
The orb of energy hits you!
* * * LOW HITPOINT WARNING * * *
The orb of energy explodes!
The mystic blast hits the fungus.
You hear some strange, mumbled words.
An orb of energy appears from out of thin air!
The orb of energy hits you!
You die...

..............
..............
........|... .
..........
+.+###....#.####.
.................
.....#....P......
......§§@.#......
....#..§........
......§§§#..!...
..........#......
.......... P#.#.
................
................


There were no monsters in sight!

Vanquished Creatures
  Erolcha (Lair:1)
  A dancing weapon (Abyss:4)
  5 two-headed ogres
  Pikel (D:7)
  Psyche (D:8)
  A freezing wraith (D:10)
  An ancient zyme (Abyss:2)
  3 hornets
  A raiju (Abyss:1)
  A hippogriff (D:9)
  2 vampires
  6 yaks
  A human (shapeshifter) (Abyss:1)
  A chaos spawn (Abyss:2)
  2 hungry ghosts
  4 vampire mosquitoes (D:10)
  Grum (D:8)
  2 soldier ants (D:8)
  2 large abominations (Abyss:1)
  2 small abominations (Abyss:2)
  5 sky beasts
  3 slaves (D:7)
  3 ice beasts (D:8)
  6 orc warriors
  2 black bears
  2 necrophages
  3 ogres
  A phantom (D:4)
  2 centaurs (D:9)
  2 wolves (D:8)
  2 crocodiles
  3 big kobolds
  2 gnoll sergeants
  5 bullfrogs
  2 scorpions
  14 killer bees
  2 centaur zombies
  4 crimson imps
  3 howler monkeys
  2 jellies
  3 quasits
  7 orc priests
  6 orc wizards
  4 hounds
  4 bullfrog skeletons
  A centaur skeleton (D:8)
  An iron imp (Abyss:1)
  Jessica (D:2)
  3 iguanas
  7 worker ants
  A killer bee zombie (D:10)
  2 worker ant zombies
  10 gnolls
  16 adders
  2 shadow imps
  3 oozes (D:1)
  2 adder skeletons
  3 worms
  5 dart slugs
  4 leopard geckos
  33 orcs
  A ball python (D:1)
  2 giant cockroaches
  5 goblins
  10 hobgoblins
  12 jackals
  23 kobolds
  4 quokkas
  5 bats
  7 frilled lizards
  2 jackal skeletons
  A jackal zombie (D:6)
  A quokka skeleton (D:4)
  12 rats
310 creatures vanquished.

Vanquished Creatures (collateral kills)
  An adder (D:2)
  A worm (D:2)
2 creatures vanquished.

Vanquished Creatures (others)
  4 yaks (D:9)
  A bullfrog (D:7)
  A bullfrog skeleton (D:7)
  4 fungi (D:11)
  2 plants (D:11)
12 creatures vanquished.

Grand Total: 324 creatures vanquished

Notes
Turn   | Place    | Note
-------+----------+-------------------------------------------
     0 | D:1      | Wendigo the Draconian Transmuter began the quest for the Orb.
     0 | D:1      | Reached XP level 1. HP: 16/16 MP: 3/3
   143 | D:1      | Reached XP level 2. HP: 13/23 MP: 3/5
   545 | D:1      | Learned a level 2 spell: Sticks to Snakes
   696 | D:1      | Reached XP level 3. HP: 28/28 MP: 6/6
  1551 | D:2      | Reached XP level 4. HP: 34/35 MP: 3/7
  1565 | D:2      | Learned a level 3 spell: Spider Form
  1700 | D:2      | Reached skill level 3 in Transmutations
  1928 | D:2      | Reached skill level 1 in Poison Magic
  1994 | D:2      | Found an ancient bone altar of Kikubaaqudgha.
  2099 | D:2      | Noticed Jessica
  2115 | D:2      | Killed Jessica
  2319 | D:3      | Reached XP level 5. HP: 40/40 MP: 4/8
  2630 | D:3      | Found an ornate altar of the Wu Jian Council.
  3289 | D:4      | You fall through a shaft!
  3289 | D:5      | Entered Level 5 of the Dungeon
  3421 | D:4      | Reached XP level 6. HP: 48/48 MP: 6/10
  3428 | D:4      | Learned a level 5 spell: Blade Hands
  3529 | D:4      | Reached skill level 4 in Transmutations
  3688 | D:3      | Became a worshipper of the Wu Jian Council
  3720 | D:4      | Reached skill level 5 in Unarmed Combat
  4070 | D:5      | Found a glowing golden altar of the Shining One.
  4813 | D:6      | Your scales start taking on a fiery red colour.
  4813 | D:6      | Reached XP level 7. HP: 45/55 MP: 11/11
  4813 | D:6      | Gained mutation: Your flesh is heat resistant. (rF+) [Red Draconian growth]
  4874 | D:6      | Reached skill level 5 in Transmutations
  5247 | D:6      | Found a bloodstained altar of Trog.
  5569 | D:6      | Found a staircase to the Ecumenical Temple.
  5646 | D:6      | Reached skill level 6 in Transmutations
  5790 | D:6      | Reached * piety under Wu Jian
  5963 | D:7      | Reached XP level 8. HP: 57/61 MP: 12/12
  6121 | D:7      | Reached skill level 7 in Transmutations
  6293 | D:7      | Noticed Pikel
  6359 | D:7      | Killed Pikel
  6359 | D:7      | Reached skill level 8 in Transmutations
  6948 | D:7      | Noticed a hornet
  6957 | D:7      | Killed a hornet
  6957 | D:7      | Reached XP level 9. HP: 53/67 MP: 9/13
  7154 | D:7      | Found a glowing golden altar of the Shining One.
  7155 | D:7      | Found a shimmering altar of Xom.
  7170 | D:7      | Reached skill level 9 in Transmutations
  7534 | D:8      | Noticed Grum
  7551 | D:8      | Killed Grum
  7551 | D:8      | Reached ** piety under Wu Jian
  7848 | D:8      | Reached skill level 10 in Transmutations
  7959 | D:8      | Noticed a two-headed ogre
  7972 | D:8      | Killed a two-headed ogre
  8298 | D:8      | Noticed a two-headed ogre
  8301 | D:8      | Killed a two-headed ogre
  8301 | D:8      | Reached skill level 11 in Transmutations
  8301 | D:8      | Reached XP level 10. HP: 64/73 MP: 14/14
  8346 | D:8      | Found a shadowy altar of Dithmenos.
  8526 | D:8      | Found a burning altar of Makhleb.
  8581 | D:8      | Noticed Psyche
  8588 | D:8      | Cast into level 1 of the Abyss (Psyche)
  8695 | Abyss:1  | Found a corrupted altar of Lugonu.
  8834 | Abyss:1  | Noticed a worldbinder
  8863 | Abyss:1  | Noticed a smoke demon
  8876 | Abyss:1  | Found a corrupted altar of Lugonu.
  8898 | Abyss:1  | Noticed a wretched star
  8938 | Abyss:2  | Noticed a smoke demon
  8940 | Abyss:2  | Noticed a lorocyproca
  9047 | Abyss:2  | Reached skill level 12 in Transmutations
  9223 | Abyss:4  | Noticed a sixfirhy
  9232 | Abyss:4  | Noticed a long sword of holy wrath
  9243 | Abyss:4  | Killed a long sword of holy wrath
  9243 | Abyss:4  | Reached skill level 10 in Unarmed Combat
  9245 | D:8      | Escaped the Abyss
  9248 | D:8      | Killed Psyche
  9515 | D:8      | Noticed a two-headed ogre
  9520 | D:8      | Killed a two-headed ogre
  9989 | D:8      | Reached XP level 11. HP: 63/79 MP: 9/15
 10185 | D:8      | Reached *** piety under Wu Jian
 10307 | D:8      | Found a snail-covered altar of Cheibriados.
 10307 | D:8      | Found an opulent altar of Gozag.
 10317 | D:8      | Found a hide-covered altar of Uskayaw.
 10330 | D:9      | Reached skill level 13 in Transmutations
 10710 | D:9      | Found a stormy altar of Qazlal.
 11105 | D:9      | Reached **** piety under Wu Jian
 11682 | D:10     | Entered Level 10 of the Dungeon
 13151 | D:11     | Noticed a two-headed ogre
 13152 | D:11     | Noticed Ratty's ghost (journeyman MiBe)
 13170 | D:11     | Noticed a white ugly thing
 13421 | D:10     | Noticed a two-headed ogre
 13427 | D:10     | Killed a two-headed ogre
 13533 | D:10     | Paralysed by a hornet for 2 turns
 13687 | D:10     | Killed a two-headed ogre
 14018 | D:11     | Reached skill level 5 in Fighting
 14222 | D:9      | Reached skill level 5 in Spellcasting
 14841 | D:11     | Noticed Erolcha
 14853 | D:11     | Found a staircase to the Lair.
 14858 | Lair:1   | Entered Level 1 of the Lair of Beasts
 14858 | Lair:1   | Noticed Erica
 14865 | Lair:1   | Killed Erolcha
 14865 | Lair:1   | Reached XP level 12. HP: 21/94 MP: 14/20
 14869 | Lair:1   | Killed from afar by Erica

Vault maps used:
D:1:      erik_arrival_gehennom
D:2:      lemuel_round_altar, first_bread, uniq_jessica
D:3:      overflow_temple_1_default
D:4:      minmay_bisected
D:5:      tso_metal_star
D:6:      minmay_temple_entry_fiery, trog_butcher_becter
D:7:      grunt_temple_overflow_open, uniq_pikel
D:8:      nicolae_overflow_crystal_walls, nicolae_overflow_hidden_temple,
          makhleb_grotto_becter, hangedman_pestilent_swarm, uniq_grum,
          uniq_psyche
D:9:      nicolae_qazlal_eye_of_the_storm
D:10:     serial_glass, glass_columns_a, glass_columns_a
D:11:     evilmike_library_of_no_secrets, grunt_lair_entry_orc_guard_hut,
          st_stairs_6, serial_park_tiny_1, uniq_erolcha
Lair:1:   beast_lair_carwin_4, uniq_erica
Abyss:2:  minivault_4, hangedman_decor_lopped
Abyss:4:  evilmike_abyss_rune_tso_outpost, abyss_furniture_001

Skill      XL: |  1  2  3  4  5  6  7  8  9 10 11 |
---------------+----------------------------------+-----
Unarmed Combat | 4 5 6 7 9 10 12 | 12.3
Transmutations | 3 4 6 8 11 12 13 | 13.1
Poison Magic   | 1 |  1.7
Spellcasting   | 3 5 |  5.5
Fighting       | 2 5 |  5.6
Dodging        | |  1.7

Action                   |  1- 3 |  4- 6 |  7- 9 | 10-12 || total
-------------------------+-------+-------+-------+-------++-------
Melee: Unarmed           |   111 |   247 |   258 |   356 ||   972
       Headbutt          |     3 |     1 |       |       ||     4
       Tailslap          |    11 |    29 |    21 |    34 ||    95
       Kick              |     2 |       |       |       ||     2
       Punch             |     2 |     6 |     3 |    17 ||    28
       Staff             |       |       |       |    19 ||    19
Throw: Stone             |     2 |     5 |       |       ||     7
 Cast: Beastly Appendage |     8 |     1 |       |       ||     9
       Sticks to Snakes  |     5 |     5 |     7 |       ||    17
       Spider Form       |       |    15 |    19 |       ||    34
       Blade Hands       |       |       |       |    56 ||    56
Invok: Serpent's Lash    |       |       |       |     4 ||     4
 Abil: Breathe Fire      |       |       |    18 |    10 ||    28
  Use: Scroll            |       |     4 |       |    15 ||    19
       Potion            |       |       |       |     5 ||     5
 Stab: Sleeping          |     1 |     1 |       |       ||     2
       Distracted        |       |     1 |       |       ||     1
  Eat: Chunk             |     3 |    11 |    17 |    22 ||    53
       Royal jelly       |       |     1 |       |     3 ||     4
       Meat ration       |       |       |       |     3 ||     3
Armor: Skin              |    29 |    60 |    81 |   172 ||   342
Dodge: Dodged            |    75 |   142 |   166 |   278 ||   661
